 Dungeon Crawl Stone Soup version 0.25.1-2-g60ff931df9 (webtiles) character file.

Game seed: 916350983159220177

595 pokeman the Magician (level 7, -1/38 HPs)
             Began as a Deep Elf Wizard on Nov 15, 2020.
             Was an Initiate of Vehumet.
             Killed by nerve-wracking pain
             ... invoked by Grinder
              (14 damage)
             ... on level 4 of the Dungeon.
             The game lasted 00:08:39 (4688 turns).

pokeman the Magician (Deep Elf Wizard)              Turns: 4688, Time: 00:08:40

Health: -1/38      AC:  5    Str:  4    XL:     7   Next: 16%
Magic:  2/20       EV: 12    Int: 25    God:    Vehumet [......]
Gold:   166        SH:  0    Dex: 13    Spells: 10/21 levels left

rFire    . . .     SeeInvis .   m - +3 dagger (venom)
rCold    . . .     Gourm    .   (no shield)
rNeg     . . .     Faith    .   n - +0 leather armour
rPois    .         Spirit   .   b - +0 hat
rElec    .         Reflect  .   (no cloak)
rCorr    .         Harm     .   (no gloves)
MR       .....                  r - +1 pair of boots
Stlth    +++.......             u - amulet of regeneration
HPRegen  0.52/turn              q - ring of stealth
MPRegen  0.17/turn              (no ring)

@: no status effects
A: no striking features
a: Renounce Religion


You were on level 4 of the Dungeon.
You worshipped Vehumet.
Vehumet was noncommittal.
You were not hungry.

You visited 2 branches of the dungeon, and saw 6 of its levels.

You collected 166 gold pieces.

Inventory:

Hand Weapons
 m - a +3 dagger of venom (weapon)
Armour
 b - a +0 hat (worn)
 n - a +0 leather armour (worn)
 r - a +1 pair of boots (worn)
Jewellery
 q - a ring of stealth (left hand)
 u - an amulet of regeneration (around neck)
Wands
 l - a wand of flame (13)
Scrolls
 g - 3 scrolls of identify {unknown}
 h - 2 scrolls of fear {unknown}
 i - a scroll of amnesia {unknown}
 t - a scroll of enchant armour {unknown}
 v - a scroll of magic mapping {unknown}
Potions
 a - 2 potions of curing
 c - a potion of haste {unknown}
 e - 2 potions of flight {unknown}
 f - 4 potions of heal wounds {unknown}
 j - a potion of lignification {unknown}
 k - a potion of magic {unknown}
 o - a potion of brilliance {unknown}
 p - a potion of stabbing {unknown}
 s - 2 potions of invisibility {unknown}
Comestibles
 d - 11 rations
 w - a chunk of flesh


   Skills:
 + Level 1.5 Fighting
 - Level 1.1 Armour
 - Level 3.0 Dodging
 - Level 3.0 Stealth
 * Level 7.8 Spellcasting
 + Level 3.7 Conjurations
 - Level 1.1 Summonings
 - Level 1.1 Translocations
 + Level 2.2 Fire Magic
 - Level 1.1 Air Magic
 - Level 1.0 Poison Magic
 - Level 1.1 Evocations


You had 10 spell levels left.
You knew the following spells:

 Your Spells              Type           Power        Failure   Level  Hunger
a - Magic Dart            Conj           ####         2%          1    None
b - Mephitic Cloud        Conj/Pois/Air  ###.....     14%         3    None
c - Call Imp              Summ           ###.....     11%         2    None
d - Blink                 Tloc           N/A          11%         2    None
e - Conjure Flame         Conj/Fire      ###.....     10%         3    None

Your spell library contained the following spells:

 Spells                   Type           Power        Failure   Level  Hunger
 Slow                     Hex            #.......     16%         2    None


Dungeon Overview and Level Annotations

Branches:
Dungeon (5/15)             Temple (1/1) D:4

Altars:
Ashenzari
Hepliaklqana
Nemelex Xobeh
Vehumet
Wu Jian

Annotations:
D:4 Grinder
D:5 Blork the orc, Eustachio


Message History

Unknown command.
You hit Eustachio.
Eustachio is poisoned.
Eustachio is lightly wounded.
Eustachio gestures wildly.
Eustachio misses you.
Grinder says, "There's only one good use for a tongue: cutting it out."
Grinder gestures at you. You resist with some effort.
Eustachio hits Grinder with a +0 falchion.
Grinder hits you.
You writhe in agony.
There is an escape hatch in the ceiling here.
Grinder gestures at you. Pain shoots through your body!
* * * LOW HITPOINT WARNING * * *
A mysterious force pulls you upwards. The hatch slams shut behind you.
Unknown command.
Unknown command.
Grinder gestures at you. Pain shoots through your body!
You die...

..........## ##...............#..
...###.....####.................#
...#.....................#....###
........................####..# #
..##.....##.###...#.#.....#####
.####...###.####..####...##
.#.##..###...##..## #..#########
......##...>.....## ##.## #......
......##..#.....@.# #...###...#..
#................####....##......
#.#.......##..5....#.............
#.###.##.##..............##......
...#......##...##...##..###...#..
...#......#.....#...##### #......
......##...##..###### #######
......##..###### .....######


You could see Grinder.

Vanquished Creatures
  Edmund (D:4)
  2 crimson imps
  A centaur zombie (D:5)
  2 hounds (D:4)
  An orc wizard (D:4)
  Terence (D:2)
  An iguana (D:3)
  3 worker ants
  3 hound skeletons
  A gnoll (D:1)
  4 adders
  3 worms
  3 dart slugs
  7 orcs
  4 bats (D:1)
  3 giant cockroaches
  9 goblins
  8 hobgoblins
  3 jackals (D:2)
  3 kobolds
  3 quokkas
  A ball python (D:3)
  3 frilled lizards
  4 rats
74 creatures vanquished.

Vanquished Creatures (collateral kills)
  Ijyb (D:2)
1 creature vanquished.

Grand Total: 75 creatures vanquished

Notes
Turn   | Place    | Note
-------+----------+-------------------------------------------
     0 | D:1      | pokeman the Deep Elf Wizard began the quest for the Orb.
     0 | D:1      | Reached XP level 1. HP: 10/10 MP: 7/7
   233 | D:1      | Reached XP level 2. HP: 16/16 MP: 6/9
   389 | D:1      | Reached skill level 5 in Spellcasting
   489 | D:1      | Reached XP level 3. HP: 20/20 MP: 9/11
   494 | D:1      | Learned a level 3 spell: Mephitic Cloud
   497 | D:1      | Learned a level 2 spell: Call Imp
   500 | D:1      | Learned a level 2 spell: Blink
   504 | D:1      | Learned a level 3 spell: Conjure Flame
   952 | D:2      | Noticed Terence
   968 | D:2      | Killed Terence
   968 | D:2      | Reached skill level 1 in Fighting
   968 | D:2      | Reached skill level 1 in Armour
  1173 | D:2      | Noticed Ijyb
  1174 | D:2      | Reached XP level 4. HP: 25/25 MP: 5/13
  1248 | D:2      | Killed Ijyb
  2548 | D:3      | Reached skill level 1 in Poison Magic
  2727 | D:3      | Reached skill level 6 in Spellcasting
  3200 | D:3      | Found a sparkling altar of Nemelex Xobeh.
  3341 | D:3      | Reached XP level 5. HP: 20/29 MP: 7/15
  3483 | D:4      | Reached skill level 1 in Evocations
  3645 | D:4      | Reached XP level 6. HP: 34/34 MP: 9/17
  3778 | D:4      | Noticed Edmund
  3809 | D:4      | Reached skill level 1 in Fire Magic
  3909 | D:4      | Killed Edmund
  3909 | D:4      | Reached skill level 7 in Spellcasting
  3909 | D:4      | Reached skill level 1 in Air Magic
  4349 | D:4      | Found a staircase to the Ecumenical Temple.
  4358 | Temple   | Entered the Ecumenical Temple
  4364 | Temple   | Became a worshipper of Vehumet
  4403 | D:5      | Entered Level 5 of the Dungeon
  4448 | D:5      | Reached XP level 7. HP: 38/38 MP: 12/20
  4510 | D:5      | Noticed Eustachio
  4515 | D:5      | Noticed Grinder
  4671 | D:5      | Noticed Blork the orc
  4688 | D:4      | Killed from afar by Grinder

Illustrated notes

Levels and vault maps discovered:
D:1:      minmay_arrival_wavy_path, layout_rooms, hangedman_decor_points
D:2:      kennysheep_the_goblin_king, layout_basic, uniq_terence
D:3:      layout_basic, nemelex_altar_shiori, first_ration,
          hangedman_decor_slide_cut
D:4:      layout_cave_pools, temple_hall, uniq_edmund
D:5:      kennysheep_windowed_halls, layout_rooms, uniq_grinder, uniq_eustachio,
          uniq_blork_the_orc
Temple:   nicolae_temple_the_god_donut

Skill      XL: |  1  2  3  4  5  6 |
---------------+-------------------+-----
Spellcasting   | 5 6 7 |  7.8
Fighting       | 1 |  1.5
Armour         | 1 |  1.1
Conjurations   | 2 3 |  3.7
Poison Magic   | 1 |  1.0
Dodging        | 3 |  3.0
Evocations     | 1 |  1.1
Stealth        | 3 |  3.0
Fire Magic     | 2 |  2.2
Air Magic      | 1 |  1.1
Summonings     | |  1.1
Translocations | |  1.1

Action                   |  1- 3 |  4- 6 |  7- 9 || total
-------------------------+-------+-------+-------++-------
Melee: Unarmed           |     2 |     2 |       ||     4
       Dagger            |       |    20 |     4 ||    24
 Cast: Magic Dart        |    61 |   131 |    20 ||   212
       Mephitic Cloud    |     1 |     7 |     4 ||    12
       Conjure Flame     |     1 |     4 |     2 ||     7
       Call Imp          |       |     2 |     1 ||     3
       Blink             |       |     1 |       ||     1
 Stab: Confused          |       |     2 |       ||     2
  Eat: Chunk             |     1 |    10 |       ||    11
Armor: Robe              |     3 |     1 |       ||     4
       Leather armour    |       |    11 |     2 ||    13
Dodge: Dodged            |     8 |    31 |     8 ||    47
